 Dungeon Crawl Stone Soup version 0.20-a0-672-gd6c3c51 (webtiles) character file.

28 retryentry the Skirmisher (level 3, 27/29 HPs)
             Began as a Demonspawn Fighter on Feb 17, 2017.
             Quit the game on level 1 of the Dungeon.
             The game lasted 00:01:09 (378 turns).

retryentry the Skirmisher (Demonspawn Fighter)       Turns: 378, Time: 00:01:10

Health: 27/29      AC:  6    Str: 17    XL:     3   Next: 0%
Magic:  3/3        EV:  6    Int:  9    God:
Gold:   13         SH:  8    Dex: 12    Spells: 2/2 levels left

rFire    . . .     SeeInvis .   a - +0 war axe
rCold    . . .     Gourm    .   b - +0 scale mail
rNeg     . . .     Faith    .   c - +0 shield
rPois    .         Spirit   .   (helmet restricted)
rElec    .         Reflect  .   (no cloak)
rCorr    .         Harm     .   (no gloves)
MR       .....                  (no boots)
Stlth    ..........             h - amulet of rage
Regen    1.1/turn               (no ring)
MPRegen  0.1/turn               (no ring)

@: no status effects
A: horns 1, powered by death 1
a: Evoke Berserk Rage


You were on level 1 of the Dungeon.
You were not hungry.

You visited 1 branch of the dungeon, and saw 1 of its levels.

You collected 13 gold pieces.

Inventory:

Hand Weapons
 a - a +0 war axe (weapon)
Armour
 b - a +0 scale mail (worn)
 c - a +0 shield (worn)
Jewellery
 g - an uncursed ring of magical power {unknown}
 h - an amulet of rage (around neck)
 p - an uncursed amulet of magic regeneration {unknown}
Scrolls
 e - 3 scrolls of enchant armour {unknown}
 i - a scroll of recharging {unknown}
 j - a scroll of immolation {unknown}
 l - 2 scrolls of identify {unknown}
 n - a scroll of noise {unknown}
 o - 2 scrolls of magic mapping {unknown}
Potions
 d - a potion of might
 k - a potion of flight {unknown}
Comestibles
 f - a bread ration
 m - 2 chunks of flesh
 q - a meat ration


   Skills:
 - Level 3.0 Fighting
 + Level 2.9 Axes
 - Level 2.6 Armour
 - Level 2.6 Shields
 * Level 1.0 Evocations


You had 2 spell levels left.
You didn't know any spells.

Dungeon Overview and Level Annotations

Branches:
Dungeon (1/15)

Altars:


Innate Abilities, Weirdness & Mutations

You have a pair of small horns on your head.
You regenerate a little health from kills.


Message History

The hobgoblin is heavily wounded.
You block the hobgoblin's attack.
The hobgoblin hits you but does no damage.
You completely miss the hobgoblin.
The hobgoblin is heavily wounded.
You block the hobgoblin's attack.
You barely miss the hobgoblin.
The hobgoblin is heavily wounded.
You block the hobgoblin's attack.
You hit the hobgoblin.
You kill the hobgoblin!
Your Evocations skill increases to level 1!
You have reached level 3!
Your experience leads to an increase in your attributes!
Increase (S)trength, (I)ntelligence, or (D)exterity?
You feel stronger.
You feel monstrous as your demonic heritage exerts itself.
Your demonic ancestry asserts itself...
A pair of horns grows on your head!
Are you sure you want to abandon this character and quit the game? (Confirm with "yes".)

#.........# #.#
#.........# #.#
#..⌠...⌠..# #.#
#........)# #.#
+....<.)..' ##.#
#.........# ..#
#..⌠...⌠..# # #)#
#.........# #. #@#
#.........# #.##.#
#####'##### #...# #.#
#.##.# ##.# .. #.#
#######..# ## #.#
#.......###### ######.#
#.###......... #
#......###.# ######.##.
#.
##.#.................##.


There were no monsters in sight!

Vanquished Creatures
  2 dart slugs (D:1)
  A leopard gecko (D:1)
  A ball python (D:1)
  A giant cockroach (D:1)
  6 goblins (D:1)
  3 hobgoblins (D:1)
  A jackal (D:1)
  3 kobolds (D:1)
  2 bats (D:1)
  2 rats (D:1)
22 creatures vanquished.

Notes
Turn   | Place    | Note
-------+----------+-------------------------------------------
     0 | D:1      | retryentry the Demonspawn Fighter began the quest for the Orb.
     0 | D:1      | Reached XP level 1. HP: 18/18 MP: 1/1
    48 | D:1      | Gained mutation: You regenerate a little health from kills. [demonic ancestry]
    48 | D:1      | Reached XP level 2. HP: 22/24 MP: 2/2
   377 | D:1      | Reached skill level 1 in Evocations
   377 | D:1      | Gained mutation: You have a pair of small horns on your head. [demonic ancestry]
   377 | D:1      | Reached XP level 3. HP: 25/29 MP: 3/3
   378 | D:1      | Quit the game

Vault maps used:
D:1:      mushboom_english_gardens, minmay_pentomino_w4

Skill      XL: |  1  2 |
---------------+-------+-----
Axes           | 2 |  2.9
Evocations     | 1 |  1.0
Fighting       | |  3.0
Armour         | |  2.6
Shields        | |  2.6

Action                   || total
-------------------------++-------
Melee: War axe           ||    73
Armor: Scale mail        ||    28
Dodge: Dodged            ||    20
Block: Shield            ||    40
